 Dungeon Crawl Stone Soup version 0.20.1-1-g8b1a95d (webtiles) character file.

4293 Gelerth the Cleaver (level 10, -8/86 HPs)
             Began as a Hill Orc Chaos Knight on Oct 3, 2017.
             Mangled by a two-headed ogre
             ... wielding a +0 giant club
              (19 damage)
             ... on level 8 of the Dungeon on Oct 6, 2017.
             The game lasted 01:01:54 (5955 turns).

Gelerth the Cleaver (Hill Orc Chaos Knight)         Turns: 5955, Time: 01:01:57

Health: -8/86      AC: 15    Str: 18    XL:     10   Next: 32%
Magic:  10/10      EV:  6    Int: 12    God:    Xom [..*...]
Gold:   268        SH:  0    Dex: 17    Spells: 8/9 levels left

rFire    + + .     SeeInvis +   D - +0 hand axe (freeze)
rCold    + . .     Gourm    .   (no shield)
rNeg     . . .     Faith    .   f - +1 plate armour
rPois    .         Spirit   .   (helmet restricted)
rElec    .         Reflect  .   (no cloak)
rCorr    .         Harm     +   t - +0 pair of gloves
MR       .....                  (no boots)
Stlth    ..........             n - amulet of harm
Regen    0.3/turn               g - ring of protection from fire
MPRegen  0.2/turn               k - ring of protection from fire

@: no status effects
A: horns 2, talons 1, thin skeletal structure 1, camouflage 1, see invisible,
agile 2, cold resistance 1, subdued magic 1
a: Renounce Religion


You were on level 8 of the Dungeon.
You worshipped Xom.
You were a toy of Xom.
You were not hungry.

You visited 2 branches of the dungeon, and saw 9 of its levels.
You also visited: Ossuary.

You collected 268 gold pieces.

Inventory:

Hand Weapons
 a - a +0 hand axe of chaos
 D - a +0 hand axe of freezing (weapon)
Missiles
 v - a tomahawk (quivered)
Armour
 f - a +1 plate armour (worn)
 r - a +0 helmet
 t - a +0 pair of gloves (worn)
Jewellery
 g - a ring of protection from fire (left hand)
 k - a ring of protection from fire (right hand)
 n - an amulet of harm (around neck)
 y - an uncursed ring of ice
Wands
 b - a wand of random effects (10/48)
 o - a wand of paralysis (5/24)
 s - a wand of random effects (24/48)
 z - a wand of disintegration (7/24)
 H - a wand of paralysis (8/24)
Scrolls
 d - 4 scrolls of amnesia
 e - a scroll of recharging
 h - 4 scrolls of remove curse
 i - a scroll of identify
 l - 4 scrolls of teleportation
 C - a scroll of fear
 I - a scroll of fog
Potions
 w - a potion of resistance
 B - a potion of invisibility
 E - 2 potions of cancellation
Books
 p - a book of Cantrips

   Spells                             Type                      Level
   a - Confusing Touch                Hexes                        1
   b - Animate Skeleton               Necromancy                   1
   c - Summon Small Mammal            Summoning                    1
   d - Apportation                    Translocation                1
Comestibles
 c - 6 bread rations
 j - a chunk of flesh
 m - a fruit
 q - 4 meat rations
 u - 2 royal jellies


   Skills:
 + Level 7.1 Fighting
 * Level 13.5 Axes
 + Level 4.5 Throwing
 + Level 7.4 Armour
 + Level 1.1 Dodging
 + Level 2.8 Stealth
 + Level 0.4 Evocations


You had 8 spell levels left.
You knew the following spells:

 Your Spells              Type           Power        Failure   Level  Hunger
a - Apportation           Tloc           #.....       100%        1    ##.....


Dungeon Overview and Level Annotations

Branches:
Dungeon (8/15)             Temple (1/1) D:5
   Lair: D:8-11

Altars:
Ashenzari
Dithmenos
Hepliaklqana
Nemelex Xobeh
Sif Muna
Xom

Shops:
D:7 [

Annotations:
D:3 Patr1k's ghost, amateur GrFi


Innate Abilities, Weirdness & Mutations

You have a pair of horns on your head.
You have sharp toenails.
You have a somewhat thin skeletal structure. (Dex +2, Stealth)
Your skin changes colour to match your surroundings (Stealth+).
You have supernaturally acute eyesight. (SInv)
You are very agile. (Dex +4)
Your flesh is cold resistant. (rC+)
Your spells are a little easier to cast, but a little less powerful.


Message History

Your toxic aura wanes.
The two-headed ogre hits you with a giant club!
The two-headed ogre hits you with a giant spiked club!!
You emit a cloud of colourful smoke!
Okay, then.
Okay, then.
Unknown command.
Evoke which item? (* to show all) (? for menu, Esc to quit)
Aiming: Paralyse (will waste charges)
Press: ? - help, Shift-Dir - straight line, f - two-headed ogre
Aim: a two-headed ogre, wielding a giant club and a giant spiked club (magical condensation, heavily wounded, poisoned, chance to defeat MR: 29%)
The two-headed ogre easily resists.
Evoking this partially-identified wand wasted a few charges.
You hit the two-headed ogre. You freeze the two-headed ogre.
The two-headed ogre is heavily wounded.
The two-headed ogre hits you with a giant club!!
* * * LOW HITPOINT WARNING * * *
The two-headed ogre hits you with a giant spiked club!
You die...
Xom roars with laughter!

########.>
.........
#......#
#......#
#......#
#......#
###§§....#
#<'§§§O@.+
###§§§...#
#......#
########


You could see a two-headed ogre.

Vanquished Creatures
  A two-headed ogre (D:7)
  The ghost of Kunitse the Cutter, a novice KoBe of Trog (D:6)
  The ghost of Andry07 the Fighter, a novice GrFi (D:5)
  A hippogriff (D:7)
  2 orc warriors (D:7)
  An ice beast (D:5)
  3 sky beasts (D:7)
  2 phantoms (D:7)
  An ogre (D:5)
  A wolf (D:4)
  3 centaurs
  2 bullfrogs (D:6)
  An elf zombie (Ossuary)
  A scorpion (D:7)
  A howler monkey (D:5)
  A crimson imp (D:5)
  A centaur zombie (D:5)
  2 human zombies (Ossuary)
  3 hounds
  2 jellies
  7 orc wizards
  3 orc priests
  2 bullfrog skeletons
  A centaur skeleton (D:7)
  An iguana (D:7)
  4 worker ants
  5 hound zombies
  4 mummies (Ossuary)
  3 hound skeletons
  Robin (D:2)
  8 adders
  3 gnolls (D:5)
  2 shadow imps (D:5)
  An ooze (D:2)
  2 adder skeletons
  2 adder zombies (Ossuary)
  2 worms
  A dart slug (D:1)
  3 leopard geckos
  20 orcs
  3 giant cockroaches
  7 goblins
  9 hobgoblins
  A jackal (D:1)
  5 kobolds
  A quokka (D:4)
  A ball python (D:2)
  9 bats
  7 frilled lizards
  A goblin zombie (Ossuary)
  A hobgoblin zombie (Ossuary)
  A jackal skeleton (D:4)
  A jackal zombie (Ossuary)
  A kobold zombie (Ossuary)
  A leopard gecko skeleton (D:6)
  A leopard gecko zombie (D:5)
  3 rats
159 creatures vanquished.

Vanquished Creatures (collateral kills)
  Grinder (D:5)
  A hobgoblin (D:2)
2 creatures vanquished.

Grand Total: 161 creatures vanquished

Notes
Turn   | Place    | Note
-------+----------+-------------------------------------------
     0 | D:1      | Gelerth the Hill Orc Chaos Knight began the quest for the Orb.
     0 | D:1      | Reached XP level 1. HP: 19/19 MP: 1/1
   177 | D:1      | Reached XP level 2. HP: 27/27 MP: 2/2
   329 | D:1      | XOM: divination: detect items
   410 | D:2      | You fall through a shaft!
   496 | D:3      | Learned a level 1 spell: Apportation
   518 | D:3      | Noticed Patr1k's ghost (amateur GrFi)
   529 | D:3      | XOM: cast spell 'Summon Butterflies'
   552 | D:3      | XOM: blink monster(s)
   565 | D:3      | Reached XP level 3. HP: 26/33 MP: 3/3
   566 | D:3      | XOM: potion effect (invisibility)
   643 | D:3      | XOM: harmless Fire miscast
   801 | D:2      | Reached skill level 5 in Axes
   873 | D:2      | XOM: give mutations
   873 | D:2      | Gained mutation: You are agile. (Dex +2) [Xom's grace]
   873 | D:2      | Gained mutation: You are somewhat resistant to further mutation. [Xom's grace]
   873 | D:2      | Gained mutation: Your flesh is heat resistant. (rF+) [Xom's grace]
   873 | D:2      | Gained mutation: You are somewhat resistant to both further mutation and mutation removal. [Xom's grace]
   919 | D:2      | Noticed Robin
   941 | D:2      | Killed Robin
   941 | D:2      | Reached XP level 4. HP: 33/40 MP: 4/4
  1126 | D:2      | XOM: 5-stop teleportation journey
  1232 | D:2      | Reached skill level 6 in Axes
  1237 | D:2      | Found a sparkling altar of Nemelex Xobeh.
  1573 | D:3      | XOM: chaos cloud
  1625 | D:2      | XOM: give mutations
  1625 | D:2      | Gained mutation: You are very agile. (Dex +4) [Xom's grace]
  1625 | D:2      | Gained mutation: You have a pair of small horns on your head. [Xom's grace]
  1625 | D:2      | Gained mutation: You have large cloven feet. [Xom's grace]
  1625 | D:2      | Gained mutation: Your flesh is cold resistant. (rC+) [Xom's grace]
  1712 | D:2      | XOM: give mutations
  1712 | D:2      | Gained mutation: You are partially covered in iridescent scales. (AC +2) [Xom's grace]
  1712 | D:2      | Gained mutation: You are mostly covered in iridescent scales. (AC +4) [Xom's grace]
  1712 | D:2      | Lost mutation: You are somewhat resistant to both further mutation and mutation removal. [Xom's grace]
  1712 | D:2      | Lost mutation: You are somewhat resistant to further mutation. [Xom's grace]
  1712 | D:2      | Gained mutation: You evolve. [Xom's grace]
  1797 | D:4      | Reached skill level 1 in Dodging
  1797 | D:4      | Reached XP level 5. HP: 43/46 MP: 5/5
  1866 | D:4      | XOM: cloud trail
  1937 | D:4      | Reached skill level 7 in Axes
  1943 | D:4      | XOM: cleaving
  1945 | D:4      | Gained mutation: Your skin changes colour to match your surroundings (Stealth+). [evolution]
  1948 | D:4      | Reached XP level 6. HP: 42/52 MP: 6/6
  2017 | D:4      | Reached skill level 1 in Throwing
  2028 | D:4      | Reached skill level 8 in Axes
  2187 | D:4      | Lost mutation: You are mostly covered in iridescent scales. (AC +4) [potion of mutation]
  2187 | D:4      | Lost mutation: Your flesh is cold resistant. (rC+) [potion of mutation]
  2187 | D:4      | Lost mutation: You evolve. [potion of mutation]
  2187 | D:4      | Lost mutation: You are partially covered in iridescent scales. (AC +2) [potion of mutation]
  2187 | D:4      | Lost mutation: Your flesh is heat resistant. (rF+) [potion of mutation]
  2187 | D:4      | Lost mutation: You have large cloven feet. [potion of mutation]
  2187 | D:4      | Gained mutation: Your spells are a little easier to cast, but a little less powerful. [potion of mutation]
  2187 | D:4      | Gained mutation: Your flesh is cold resistant. (rC+) [potion of mutation]
  2287 | D:4      | Found a deep blue altar of Sif Muna.
  2432 | D:5      | Entered Level 5 of the Dungeon
  2515 | D:5      | Noticed an ice beast
  2556 | D:5      | Killed an ice beast
  2556 | D:5      | Reached XP level 7. HP: 36/60 MP: 7/7
  2606 | D:5      | Reached skill level 9 in Axes
  2623 | D:5      | XOM: destruction
  2630 | D:5      | Reached skill level 1 in Stealth
  2669 | D:5      | Noticed Grinder
  2670 | D:5      | XOM: fog
  2673 | D:5      | XOM: summons friendly iron imp
  2686 | D:5      | Killed Grinder
  2818 | D:5      | Noticed Andry07's ghost (novice GrFi)
  2849 | D:5      | Killed Andry07's ghost
  2849 | D:5      | Reached skill level 5 in Fighting
  2849 | D:5      | Reached skill level 10 in Axes
  2849 | D:5      | Reached XP level 8. HP: 57/68 MP: 8/8
  2880 | D:5      | XOM: give mutations
  2880 | D:5      | Gained mutation: You have a pair of horns on your head. [Xom's grace]
  2880 | D:5      | Gained mutation: You have a somewhat thin skeletal structure. (Dex +2, Stealth) [Xom's grace]
  2883 | D:5      | Found a staircase to the Ecumenical Temple.
  2889 | Temple   | Entered the Ecumenical Temple
  3022 | D:5      | XOM: god gift: weird jewelled staff {god gift}
  3084 | D:5      | Reached skill level 5 in Armour
  3212 | D:5      | XOM: cloud trail
  3365 | D:5      | XOM: divination: detect items
  3444 | D:5      | Reached skill level 11 in Axes
  3554 | D:5      | XOM: scenery: create altars
  3668 | D:6      | Noticed Kunitse's ghost (novice KoBe)
  3680 | D:6      | XOM: divination: detect creatures
  3789 | D:6      | Killed Kunitse's ghost
  3789 | D:6      | Reached skill level 12 in Axes
  3789 | D:6      | Reached XP level 9. HP: 66/75 MP: 9/9
  4050 | D:6      | Found a shattered altar of Ashenzari.
  4051 | D:6      | Found a hazy altar of Hepliaklqana.
  4086 | D:7      | XOM: noise
  4086 | D:7      | Found a shadowy altar of Dithmenos.
  4124 | D:7      | Found a sand-covered staircase.
  4124 | D:7      | XOM: 7-stop teleportation journey
  4201 | Ossuary  | Entered an ossuary
  4202 | Ossuary  | XOM: 6-stop teleportation journey
  4517 | Ossuary  | XOM: mild Fire miscast
  4680 | D:7      | XOM: scenery: create altars
  4702 | D:7      | Found Nosaxyw's Antique Armour Boutique.
  4728 | D:7      | XOM: scenery: create altars
  4750 | D:7      | Reached skill level 13 in Axes
  4806 | D:7      | XOM: scenery: create altars
  5031 | D:7      | Reached XP level 10. HP: 19/84 MP: 10/10
  5067 | D:7      | XOM: cloud trail
  5182 | D:7      | XOM: harmless Air miscast
  5441 | D:7      | Noticed a two-headed ogre
  5441 | D:7      | XOM: divination: detect creatures
  5449 | D:7      | Killed a two-headed ogre
  5655 | D:7      | Gained mutation: You have supernaturally acute eyesight. (SInv) [mutagenic meat]
  5656 | D:7      | Gained mutation: You have sharp toenails. [mutagenic meat]
  5914 | D:7      | XOM: cast spell 'Summon Butterflies'
  5946 | D:8      | Noticed a two-headed ogre
  5946 | D:8      | XOM: cast spell 'Olgreb's Toxic Radiance'
  5950 | D:8      | XOM: smoke on damage
  5955 | D:8      | Mangled by a two-headed ogre

Skill      XL: |  1  2  3  4  5  6  7  8  9 10 |
---------------+-------------------------------+-----
Fighting       | 4 5 6 7 |  7.1
Axes           | 5 6 7 8 10 12 13 | 13.5
Dodging        | 1 |  1.1
Armour         | 3 4 5 6 7 |  7.4
Throwing       | 1 2 3 4 |  4.5
Stealth        | 1 2 |  2.8
Evocations     | |  0.4

Action                   |  1- 3 |  4- 6 |  7- 9 | 10-12 || total
-------------------------+-------+-------+-------+-------++-------
Melee: Hand axe          |    78 |   136 |   289 |    60 ||   563
       Kick              |       |    14 |       |     5 ||    19
       Headbutt          |       |    17 |    70 |    18 ||   105
Throw: Tomahawk          |     8 |    14 |    43 |     3 ||    68
       Throwing net      |       |       |     3 |     1 ||     4
Evoke: Wand              |       |       |     2 |     3 ||     5
  Use: Scroll            |       |     8 |    13 |     1 ||    22
       Potion            |       |     2 |     3 |       ||     5
 Stab: Confused          |     1 |       |     1 |       ||     2
       Paralysed         |       |     2 |     2 |       ||     4
       Petrifying        |       |       |     1 |       ||     1
       Held in net/web   |       |       |     2 |       ||     2
  Eat: Chunk             |       |     5 |     8 |     6 ||    19
Armor: Leather armour    |     9 |       |       |       ||     9
       Chain mail        |    25 |       |       |       ||    25
       Plate armour      |    39 |    77 |   125 |    23 ||   264
Dodge: Dodged            |    32 |    23 |    48 |     8 ||   111
